 Dungeon Crawl Stone Soup version 0.30-a0-540-g0af01429fa (webtiles) character file.

Game seed: 98482701776462306

86 Jase the Chopper (level 4, -5/37 (39) HPs)
             Began as a Hill Orc Fighter on Dec 25, 2022.
             Slain by Grinder (8 damage)
             ... while paralysed by Grinder
             ... on level 3 of the Dungeon.
             The game lasted 00:02:54 (1663 turns).

Jase the Chopper (Hill Orc Fighter)                 Turns: 1663, Time: 00:02:55

HP:   -5/37 (39)    AC:  8    Str: 20    XL:     4   Next: 49%
MP:   4/4           EV:  2    Int: 14    God:
Gold: 120           SH:  0    Dex: 10    Spells: 3/3 levels left

rFire   . . .      SeeInvis .    a - +0 war axe
rCold   . . .      Faith    .    (no shield)
rNeg    . . .      Spirit   .    b - +0 scale mail
rPois   .          Reflect  .    q - +0 helmet
rElec   .          Harm     .    (no cloak)
rCorr   .          Rampage  .    (no gloves)
Will    .....                    (no boots) Stlth
                                 (no amulet)
HPRegen 0.26/turn                e - +6 ring of intelligence
MPRegen 0.09/turn                (no ring)

@: paralysed, mighty, drained
A: no striking features
a: no special abilities


You were on level 3 of the Dungeon.
You visited 1 branch of the dungeon, and saw 3 of its levels.

You collected 120 gold pieces.

Inventory:

Hand Weapons
 a - a +0 war axe (weapon)
Missiles
 c - 34 stones (quivered)
Armour
 b - a +0 scale mail (worn)
 q - a +0 helmet (worn)
Jewellery
 e - a +6 ring of intelligence (left hand)
 k - a ring of see invisible
Scrolls
 i - 2 scrolls of teleportation {unknown}
 j - a scroll of amnesia {unknown}
 m - a scroll of identify {unknown}
 o - a scroll of torment {unknown}
 p - a scroll of silence {unknown}
Potions
 d - 4 potions of might
 f - 2 potions of brilliance {unknown}
 g - 2 potions of curing {unknown}
 h - a potion of attraction {unknown}
 l - a potion of ambrosia {unknown}
 n - 2 potions of mutation {unknown}
 r - a potion of degeneration {unknown}


   Skills:
 - Level 3.6 Fighting
 + Level 6.1 Axes
 - Level 3.2 Armour
 - Level 3.2 Shields


You had 3 spell levels left.
You didn't know any spells.
Your spell library contained the following spells:

 Spells                   Type           Power      Damage    Failure   Level
 Necrotise                Necr           0%         1d4       63%         1


Dungeon Overview and Level Annotations

Branches:
Dungeon (3/15)

Altars:
Dithmenos

Annotations:
D:3 Grinder


Message History

Grinder gestures at you.
You suddenly lose the ability to move!
Grinder blinks!
Grinder gestures at you. You resist with significant effort.
You can move again.
Unknown command.
Unknown command.
Unknown command.
You hit Grinder.
Grinder is lightly wounded.
Grinder hits you but does no damage.
You barely miss Grinder.
Grinder is lightly wounded.
Grinder barely misses you.
A worm comes into view.
You closely miss Grinder.
Grinder is lightly wounded.
Grinder hits you!
You feel very mighty all of a sudden.
Grinder blinks!
Grinder gestures at you. Pain shoots through your body!
You barely miss Grinder.
Grinder is lightly wounded.
Grinder hits you.
You writhe in agony.
You closely miss Grinder.
Grinder is lightly wounded.
Grinder blinks! x2
The worm closely misses you. Grinder gestures at you.
Pain shoots through your body! Grinder gestures at you.
You suddenly lose the ability to move!
Grinder hits you.
You writhe in agony.
* * * LOW HITPOINT WARNING * * *
The worm bites you.
* * * LOW HITPOINT WARNING * * *
Grinder hits you!
You die...

... ....############
#..............#
+..............#
#..............#
#..............#
#..............# ..#
#......w.......# #...
#....$5@.......# #....
#...(.........####...##
############†####§§...##
#.###§§§..§.#
#§##§§§§..§§§
#§§.§§§§..§§.
##..§§§§§§§..
#..§§...§§..
###§§§..§§§.


You could see Grinder and a worm.

Vanquished Creatures
  Robin (D:2)
  2 adders (D:2)
  5 ball pythons
  3 bats
  An endoplasm (D:2)
  A giant cockroach (D:1)
  14 goblins (D:2)
  6 hobgoblins
  8 jackals
  4 frilled lizards
  2 kobolds
  6 rats
53 creatures vanquished.

Vanquished Creatures (others)
  2 fungi (D:2)
  2 plants (D:2)
4 creatures vanquished.

Grand Total: 57 creatures vanquished

Notes
Turn   | Place    | Note
-------+----------+-------------------------------------------
     0 | D:1      | Jase the Hill Orc Fighter began the quest for the Orb.
     0 | D:1      | Reached XP level 1. HP: 19/19 MP: 1/1
    51 | D:1      | Reached skill level 3 in Axes
    54 | D:1      | Reached XP level 2. HP: 25/26 MP: 2/2
   337 | D:1      | Reached skill level 4 in Axes
  1135 | D:2      | Reached XP level 3. HP: 30/31 MP: 3/3
  1185 | D:2      | Reached skill level 5 in Axes
  1346 | D:2      | Found a faded altar of an unknown god.
  1346 | D:2      | Noticed Robin
  1358 | D:2      | Reached XP level 4. HP: 23/39 MP: 4/4
  1369 | D:2      | Killed Robin
  1375 | D:2      | Reached skill level 6 in Axes
  1473 | D:2      | Got Plato's Cyclopedia of the Crypt
  1621 | D:3      | Found a shadowy altar of Dithmenos.
  1646 | D:3      | Noticed Grinder
  1647 | D:3      | Paralysed by Grinder for 4 turns
  1661 | D:3      | Paralysed by Grinder for 3 turns
  1663 | D:3      | Slain by Grinder

Illustrated notes

Levels and vault maps discovered:
D:1:      psy_arrival_conway, layout_loops_ring
D:2:      layout_basic, shapermc_ecumenical_altar_rom_forum, uniq_robin
D:3:      layout_basic, nicolae_yredelemnul_corpse_copse,
          nicolae_dithmenos_the_darkroom, chequers_serial_rivers_micro_e,
          chequers_serial_rivers_room_a, minmay_goblin_outpost, uniq_grinder,
          uniq_crazy_yiuf_cottage

Skill      XL: |  1  2  3  4 |
---------------+-------------+-----
Axes           | 3 4 5 6 |  6.1
Fighting       | |  3.6
Armour         | |  3.2
Shields        | |  3.2

Action                   |  1- 3 |  4- 6 || total
-------------------------+-------+-------++-------
Melee: War axe           |   115 |    32 ||   147
       Punch             |       |     1 ||     1
  Use: Potion            |       |     1 ||     1
Armor: Scale mail        |    79 |    22 ||   101
Dodge: Dodged            |    70 |    21 ||    91

Table legend: (Time is in decaauts)
 A = Elapsed time spent in this place.
 B = Non-inter-level travel time spent in this place.
 C = Inter-level travel time spent in this place.
 D = Time resting spent in this place.
 E = Time spent auto-exploring this place.
 F = Levels seen in this place.
 G = Mean time per level.
                   A        B        C        D        E       F      G
               +--------+--------+--------+--------+--------+-----+--------+
         Total |   1705 |   1647 |     58 |     68 |   1242 |   3 |  568.3 |
       Dungeon |   1705 |   1647 |     58 |     68 |   1242 |   3 |  568.3 |
               +--------+--------+--------+--------+--------+-----+--------+

Top non-repeatable levels by time:
     D:2: 832 daAuts
     D:1: 776 daAuts
     D:3: 96 daAuts
